 Dungeon Crawl Stone Soup version 0.21.1-1-g345015f (webtiles) character file.

4393 Primozic the Cleaver (level 10, -8/86 HPs)
             Began as a Hill Orc Berserker on July 24, 2018.
             Was an Elder of Trog.
             Mangled by a two-headed ogre
             ... wielding a +0 giant club
              (11 damage)
             ... on level 8 of the Dungeon.
             The game lasted 00:24:24 (7177 turns).

Primozic the Cleaver (Hill Orc Berserker)           Turns: 7177, Time: 00:24:25

Health: -8/86      AC: 14    Str: 28    XL:     10   Next: 35%
Magic:  13/13      EV:  8    Int:  7    God:    Trog [****..]
Gold:   509        SH:  0    Dex: 10    Spells: 9/9 levels left

rFire    . . .     SeeInvis +   p - +2 hand axe (elec)
rCold    . . .     Gourm    .   (no shield)
rNeg     . . .     Faith    .   z - +0 plate armour
rPois    .         Spirit   .   (no helmet)
rElec    .         Reflect  .   (no cloak)
rCorr    .         Harm     .   (no gloves)
MR       .....                  (no boots)
Stlth    ..........             (no amulet)
HPRegen  0.24/turn              b - +4 ring of strength
MPRegen  0.13/turn              n - ring of see invisible

@: no status effects
A: no striking features
a: Berserk, Trog's Hand, Brothers in Arms, Burn Spellbooks, Renounce Religion


You were on level 8 of the Dungeon.
You worshipped Trog.
Trog was greatly pleased with you.
You were not hungry.

You visited 2 branches of the dungeon, and saw 9 of its levels.

You collected 509 gold pieces.

Inventory:

Hand Weapons
 a - a +0 hand axe
 i - a +1 whip of venom
 p - a +2 hand axe of electrocution (weapon)
Missiles
 F - 10 tomahawks (quivered)
 G - 5 steel javelins
Armour
 f - a +1 ring mail
 z - a +0 plate armour (worn)
Jewellery
 b - a +4 ring of strength (left hand)
 m - a +4 ring of intelligence
 n - a ring of see invisible (right hand)
 w - an uncursed ring of poison resistance
 C - a +3 ring of intelligence
Wands
 l - a wand of flame (33)
 v - a wand of digging (19)
Scrolls
 o - 2 scrolls of enchant armour
 r - 3 scrolls of blinking
 x - 2 scrolls of remove curse
 y - 3 scrolls of teleportation
 A - a scroll of enchant weapon
 B - 3 scrolls of identify
 E - a scroll of amnesia {unknown}
Potions
 d - 2 potions of mutation {unknown}
 e - 4 potions of agility {unknown}
 g - 2 potions of haste {unknown}
 h - 2 potions of berserk rage {unknown}
 j - a potion of magic {unknown}
 k - 2 potions of brilliance {unknown}
 q - a potion of cancellation {unknown}
 s - 2 potions of curing
 t - a potion of might {unknown}
 u - a potion of flight {unknown}
 D - a potion of degeneration {unknown}
Comestibles
 c - 14 rations
 H - 3 chunks of flesh


   Skills:
 - Level 7.3 Fighting
 - Level 9.9(10.0) Axes
 - Level 2.0(5.6) Maces & Flails
 + Level 4.9 Throwing
 - Level 9.8 Armour
 - Level 1.5 Dodging
 - Level 0.6 Stealth
 - Level 5.1 Evocations


You had 9 spell levels left.
You didn't know any spells.

Dungeon Overview and Level Annotations

Branches:
Dungeon (8/15)             Temple (1/1) D:6
   Lair: D:8-11

Altars:
Ashenzari
Cheibriados
Dithmenos
Elyvilon
Fedhas
Gozag
Hepliaklqana
Kikubaaqudgha
Makhleb
Nemelex Xobeh
Okawaru
Ru
Sif Muna
Trog
Uskayaw
Vehumet
Wu Jian
Xom
Yredelemnul
Zin
The Shining One


Message History

Lightning courses through the ice beast!
You kill the ice beast!
Trog accepts your kill.
The two-headed ogre hits you with a giant club!!
The two-headed ogre hits you with a giant spiked club!
* * * LOW HITPOINT WARNING * * *
You are too injured to fight recklessly!
Your plate armour prevents you from hitting the two-headed ogre.
The two-headed ogre is heavily wounded.
The two-headed ogre barely misses you.
The two-headed ogre hits you with a giant spiked club!
* * * LOW HITPOINT WARNING * * *
Okay, then.
You feel better.
You hit the two-headed ogre.
The two-headed ogre is heavily wounded.
The two-headed ogre hits you with a giant club!!
* * * LOW HITPOINT WARNING * * *
The two-headed ogre hits you with a giant spiked club!
You die...

#.#.# ##. #<#.# ...
#.#.# .... # #.#รท#
..... .#.#####.#.##
.....######.#...........
..........#######.#.##
#####.O.........###.#...
.......@.....##..##.####
.........######..##.#
.....####.## #......#
#### ...##.###..###>#
#..#.##..# #.# ###
#####.#.#.)# #.# ...#
#...##.##...# #.# .(#
##...#.##.#...# #.# #
#.###.# .#..#...# #.#


You could see a two-headed ogre.

Vanquished Creatures
  The ghost of eyesofgods1 the Covert, a novice OpAs of Dithmenos (D:7)
  A manticore (D:8)
  The ghost of asishallab the Charmwright, an amateur GnSk of Ashenzari (D:4)
  Grinder (D:3)
  A hippogriff (D:7)
  Sigmund (D:2)
  An orc warrior (D:7)
  2 ice beasts
  2 sky beasts
  2 phantoms
  A black bear (D:8)
  A necrophage (D:8)
  5 ogres
  2 centaurs
  A big kobold (D:8)
  2 bullfrogs
  2 scorpions
  A howler monkey (D:5)
  3 vampire bats (D:7)
  4 crimson imps
  A bullfrog zombie (D:6)
  3 orc priests
  A bullfrog skeleton (D:8)
  A hound (D:4)
  A jelly (D:8)
  8 orc wizards
  Jessica (D:2)
  6 worker ants
  2 adders
  A shadow imp (D:8)
  An ooze (D:3)
  3 worms
  2 dart slugs
  4 leopard geckos
  34 orcs
  7 bats
  4 bat skeletons (D:7)
  2 bat zombies (D:7)
  4 giant cockroaches
  4 goblins (D:1)
  3 hobgoblins (D:1)
  12 jackals
  2 quokkas
  2 ball pythons
  5 frilled lizards
  A jackal zombie (D:7)
  9 kobolds
  3 rats
162 creatures vanquished.

Notes
Turn   | Place    | Note
-------+----------+-------------------------------------------
     0 | D:1      | Primozic the Hill Orc Berserker began the quest for the Orb.
     0 | D:1      | Reached XP level 1. HP: 19/19 MP: 1/1
   193 | D:1      | Reached XP level 2. HP: 26/27 MP: 2/2
   442 | D:1      | Reached XP level 3. HP: 35/35 MP: 3/3
   464 | D:1      | Reached skill level 5 in Fighting
   638 | D:1      | Reached ** piety under Trog
   880 | D:2      | Noticed Jessica
   910 | D:2      | Killed Jessica
   910 | D:2      | Reached XP level 4. HP: 34/44 MP: 4/4
  1080 | D:2      | Noticed Sigmund
  1104 | D:2      | Killed Sigmund
  1104 | D:2      | Reached XP level 5. HP: 37/52 MP: 5/5
  1104 | D:2      | Reached XP level 6. HP: 43/60 MP: 6/6
  1343 | D:2      | Found a snail-covered altar of Cheibriados.
  1343 | D:2      | Found a hazy altar of Hepliaklqana.
  1388 | D:2      | Found a sparkling altar of Nemelex Xobeh.
  1777 | D:3      | Noticed Grinder
  1788 | D:3      | Killed Grinder
  1788 | D:3      | Reached XP level 7. HP: 66/66 MP: 7/7
  2388 | D:4      | Noticed asishallab's ghost (amateur GnSk)
  2402 | D:4      | Killed asishallab's ghost
  2402 | D:4      | Reached XP level 8. HP: 73/73 MP: 8/11
  2706 | D:4      | Reached *** piety under Trog
  3060 | D:4      | Reached skill level 5 in Evocations
  3328 | D:5      | Entered Level 5 of the Dungeon
  4253 | D:6      | Found a staircase to the Ecumenical Temple.
  4263 | Temple   | Entered the Ecumenical Temple
  4579 | D:6      | Reached XP level 9. HP: 39/79 MP: 12/12
  4914 | D:6      | Reached skill level 5 in Armour
  5098 | D:7      | Reached **** piety under Trog
  5592 | D:7      | Found a deep blue altar of Sif Muna.
  5754 | D:7      | Found an ancient bone altar of Kikubaaqudgha.
  5762 | D:7      | Received a gift from Trog
  6168 | D:7      | Noticed eyesofgods1's ghost (novice OpAs)
  6200 | D:7      | Killed eyesofgods1's ghost
  6729 | D:8      | Reached XP level 10. HP: 46/86 MP: 13/13
  6902 | D:8      | Reached skill level 1 in Throwing
  6918 | D:8      | Noticed a manticore
  6929 | D:8      | Killed a manticore
  6997 | D:8      | Received a gift from Trog
  7168 | D:8      | Noticed a two-headed ogre
  7177 | D:8      | HP: 3/86 [two-headed ogre/giant club (20)]
  7177 | D:8      | Mangled by a two-headed ogre

Skill      XL: |  1  2  3  4  5  6  7  8  9 10 |
---------------+-------------------------------+-----
Fighting       | 4 5 7 |  7.3
Maces & Flails | 2 |  2.0
Armour         | 3 4 9 |  9.8
Axes           | 6 7 9 |  9.9
Evocations     | 4 5 |  5.1
Throwing       | 4 |  4.9
Dodging        | |  1.5
Stealth        | |  0.6

Action                   |  1- 3 |  4- 6 |  7- 9 | 10-12 || total
-------------------------+-------+-------+-------+-------++-------
Melee: Hand axe          |    49 |    28 |   306 |    59 ||   442
       Whip              |    33 |    57 |       |       ||    90
Throw: Tomahawk          |       |       |       |    12 ||    12
Invok: Berserk           |       |     2 |     2 |       ||     4
Evoke: Wand              |       |       |       |     2 ||     2
  Use: Scroll            |       |     4 |     7 |     1 ||    12
       Potion            |       |       |     1 |     1 ||     2
 Stab: Sleeping          |     1 |       |       |       ||     1
  Eat: Chunk             |       |     4 |    15 |     1 ||    20
       Ration            |       |       |     1 |       ||     1
Armor: Ring mail         |    31 |    26 |    38 |       ||    95
       Plate armour      |       |       |    83 |    31 ||   114
Dodge: Dodged            |    44 |    36 |   104 |    23 ||   207
